cohdb
Replays
Latest Replays
All Replays
Popular Replays
Top Player Replays
Match Explorer
How It Works
Community
CoH3 Stats
Reddit
Sign in to upload your games and track your stats! →
Sign in with Steam
Match 43434163
Unlisted
Match 43434163
Overview
Messages
Build Orders
End
Construct Infanterie Kompanie
Selects Italian Coastal Battlegroup
Selects Coastal Reserves
Coastal Reserve
MG 42 Machine Gun Team
GrW 34 Mortar Team
Coastal Reserve
Selects Artillery Officer
Artillery Officer
Construct Panzergrenadier Kompanie
Medical Bunker
Pak 40 Anti-tank Gun Team
Selects Support Bunkers
Support Elements
Nebelwerfer 42 Rocket Launcher Team
Selects Rapid Fortifications
Rapid Fortifications
Nebelwerfer 42 Rocket Launcher Team
Coastal Reserve
Rapid Fortifications
Selects Bulwark
MG 42 Bunker
Coastal Reserve
Medical Bunker
Synthoras
【嗜血狼族】灵狐魅儿
那谁_
XXxxxGxxxXX
HIBBLE
CLUBs37
Bradders
T-800SEP
0
0
Comments
sign in to comment!
No comments posted yet!